 Dungeon Crawl Stone Soup version 0.21.0 (webtiles) character file.

47560 Lanoc the Grappler (level 14, -6/121 HPs)
             Began as a Red Draconian Transmuter on Jan 5, 2018.
             Was the Champion of Makhleb.
             Mangled by an orc warrior
             ... wielding a +0 mace
             ... led by an orc knight
              (17 damage)
             ... on level 15 of the Dungeon on Jan 6, 2018.
             The game lasted 01:17:25 (17372 turns).

Lanoc the Grappler (Red Draconian Transmuter)      Turns: 17372, Time: 01:17:26

Health: -6/121     AC: 10    Str: 23    XL:     14   Next: 9%
Magic:  21/26      EV: 16    Int: 18    God:    Makhleb [******]
Gold:   875        SH:  6    Dex: 12    Spells: 20/30 levels left

rFire    + . .     SeeInvis +     - Unarmed
rCold    . . .     Gourm    .   (shield currently unavailable)
rNeg     . . .     Faith    .   (armour unavailable)
rPois    .         Spirit   .   (helmet restricted)
rElec    .         Reflect  +   D - +1 cloak
rCorr    .         Harm     .   (gloves currently unavailable)
MR       +....                  (no boots)
Stlth    +.........             i - +6 amulet of reflection
HPRegen  0.30/turn              W - ring of see invisible
MPRegen  0.20/turn              I - +5 ring of strength

@: mighty, blade hands, very slightly contaminated, drained, invisible
A: breathe fire, unfitting armour, fire resistance 1, cold-blooded, AC +8
a: Breathe Fire, End Transformation, Minor Destruction, Lesser Servant of
Makhleb, Major Destruction, Greater Servant of Makhleb, Renounce Religion


You were on level 15 of the Dungeon.
You worshipped Makhleb.
Makhleb was exalted by your worship.
You were not hungry.
You had blades for hands.
You visited 2 branches of the dungeon, and saw 16 of its levels.
You also visited: Labyrinth and Sewer.

You collected 875 gold pieces.

Inventory:

Hand Weapons
 n - a +3 longbow of flaming
 B - a +4 quarterstaff of chaos (melded)
Missiles
 a - 774 arrows
Armour
 D - a +1 cloak (worn)
Magical Staves
 d - an uncursed staff of fire
 w - an uncursed staff of power
Jewellery
 i - a +6 amulet of reflection (around neck)
 m - an uncursed ring of resist corrosion
 s - an uncursed amulet of the gourmand {unknown}
 t - an uncursed amulet of harm {unknown}
 I - a +5 ring of strength (right scythe-like blade)
 P - an uncursed ring of flight
 Q - an uncursed amulet of magic regeneration {unknown}
 T - a +3 ring of strength
 W - a ring of see invisible (left scythe-like blade)
Wands
 H - a wand of paralysis (28)
 M - a wand of iceblast (5)
 O - a wand of digging (16)
 V - a wand of random effects (16)
 X - a wand of acid (7)
 Y - a wand of polymorph (16)
Scrolls
 e - 2 scrolls of fog
 g - 5 scrolls of teleportation
 j - 7 scrolls of enchant armour
 k - a scroll of silence {unknown}
 q - a scroll of immolation {unknown}
 r - a scroll of identify
 v - a scroll of fear
 x - 8 scrolls of remove curse
 y - 2 scrolls of amnesia
 R - a scroll of brand weapon {unknown}
 S - a scroll of acquirement {unknown}
 U - a scroll of random uselessness {unknown}
Potions
 f - 5 potions of curing
 h - 2 potions of resistance
 l - 2 potions of magic
 o - a potion of haste
 u - 2 potions of ambrosia
 z - a potion of flight
 A - a potion of lignification
 C - a potion of might
 G - 2 potions of mutation
 K - a potion of brilliance {unknown}
 L - a potion of berserk rage {unknown}
Books
 b - a book of Flames

   Spells                             Type                      Level
   a - Flame Tongue                   Conjuration/Fire             1
   b - Throw Flame                    Conjuration/Fire             2
   c - Conjure Flame                  Conjuration/Fire             3
   d - Inner Flame                    Hexes/Fire                   3
   e - Sticky Flame                   Conjuration/Fire             4
   f - Fireball                       Conjuration/Fire             5
 Z - a book of Geomancy

   Spells                             Type                      Level
   a - Sandblast                      Earth                        1
   b - Passwall                       Transmutation/Earth          2
   c - Stone Arrow                    Conjuration/Earth            3
   d - Petrify                        Transmutation/Earth          4
   e - Lee's Rapid Deconstruction     Earth                        5
Miscellaneous
 N - a fan of gales (inert)
Comestibles
 c - 20 rations
 F - 5 chunks of flesh


   Skills:
 + Level 10.0(9.4) Fighting
 + Level 8.6(8.0) Dodging
 * Level 13.0(12.4) Unarmed Combat
 + Level 8.8(8.2) Spellcasting
 * Level 12.8(12.2) Transmutations
 + Level 6.8(6.2) Invocations


You had 20 spell levels left.
You knew the following spells:

 Your Spells              Type           Power        Failure   Level  Hunger
b - Sticks to Snakes      Tmut           ######..     7%          2    None
c - Spider Form           Tmut/Pois      ####......   22%         3    #......
d - Blade Hands           Tmut           ######....   21%         5    #####..


Dungeon Overview and Level Annotations

Branches:
Dungeon (15/15)            Temple (1/1) D:7            Lair (0/6) D:11
    Orc (0/2) D:11         Vaults (0/5) D:13
 Depths: D:15

Altars:
Ashenzari
Cheibriados
Dithmenos
Elyvilon
Fedhas
Gozag
Hepliaklqana
Kikubaaqudgha
Makhleb
Nemelex Xobeh
Okawaru
Qazlal
Ru
Sif Muna
Trog
Uskayaw
Vehumet
Wu Jian
Xom
Yredelemnul
Zin
The Shining One

Shops:
D:7 ?   D:8 !   D:9 }   D:13 [   D:14 !


Innate Abilities, Weirdness & Mutations

You can breathe blasts of fire.
Your fiery red scales are hard. (AC +8)
You cannot fit into any form of body armour.
Your flesh is heat resistant. (rF+)
You are cold-blooded and may be slowed by cold attacks.


Message History

Your +4 quarterstaff of chaos melds into your body.
The orc priest barely misses you. The orc sorcerer casts a spell at you.
The bolt of fire hits you! You resist.
* * * LOW HITPOINT WARNING * * *
The orc warrior hits you with a mace!!
* * * LOW HITPOINT WARNING * * *
Okay, then.
Evoke which item? (* to show all) (? for menu, Esc to quit)
A fierce wind blows from the fan.
The monsters around you are blown away!
The orc warrior no longer looks unusually strong.
You fade into invisibility!
The orc warrior no longer looks unusually strong.
The orc sorcerer casts a spell at you. The bolt of fire hits you! You resist.
You block the orc warrior's attack.
You are very lightly contaminated with residual magic.
You feel better.
The orc sorcerer no longer looks unusually strong.
The orc priest misses you. The orc warrior hits you with a mace!
You die...

#
#....#.......#
#
#....#.......#
#
######.......#
#
##....#.....#.#
#
#.....#.....#)#
#
#....#.......#
#
#....#.......#
#
#....#.......#
#....#..o@...#
#....'..oo...#
#....#..o....#
#....#..†....#
#....#.......#
#....#.......#
#....'.......#
#....#.......#
#....#.......#


You could see an orc sorcerer, 2 orc warriors and an orc priest.

Vanquished Creatures
  Gastronok (D:8)
  Nessos (D:13)
  A minotaur (Lab)
  4 centaur warriors
  4 hydras
  An ogre mage (D:15)
  9 two-headed ogres
  4 tengu warriors
  An iron troll (D:13)
  7 skeletal warriors (D:14)
  The ghost of braks the Covert, a novice SpEn of Sif Muna (D:10)
  An unseen horror (D:10)
  A wizard (D:14)
  An orc knight (D:15)
  2 deep elf magi
  3 cyclopes
  5 ugly things
  A manticore (D:11)
  A guardian serpent (shapeshifter) (D:15)
  A centaur skeleton (D:12)
  A komodo dragon (D:14)
  A freezing wraith (D:13)
  A tengu conjurer (D:15)
  A yaktaur (D:13)
  5 trolls
  A meliai (shapeshifter) (D:13)
  3 hornets
  4 hippogriffs
  Prince Ribbit (D:8)
  A centaur simulacrum (D:14)
  A shadow (D:15)
  A redback (Lab)
  A wraith (D:11)
  19 yaks
  2 wyverns
  3 basilisks
  2 humans
  3 hungry ghosts
  A water moccasin (D:9)
  2 porcupines (D:11)
  A soldier ant (D:14)
  2 sky beasts (D:12)
  2 black bears
  6 ice beasts
  An eye of draining (shapeshifter) (D:13)
  7 orc warriors
  2 phantoms
  2 wolves (D:11)
  A necrophage (D:13)
  9 ogres
  23 centaurs
  4 crocodiles
  3 big kobolds
  16 bullfrogs
  2 wyvern zombies
  A water moccasin zombie (D:12)
  A wyvern skeleton (D:14)
  4 scorpions
  12 killer bees
  11 wights
  6 howler monkeys
  An electric eel (D:8)
  A vampire bat (D:3)
  2 centaur zombies
  A bullfrog skeleton (D:7)
  8 crimson imps
  2 jellies
  9 hounds
  13 orc wizards
  Crazy Yiuf (D:3)
  6 orc priests
  4 iguanas
  A human skeleton (D:5)
  11 worker ants
  A hound skeleton (D:11)
  2 worker ant zombies
  Robin (D:3)
  10 gnolls
  14 adders
  2 shadow imps (D:8)
  10 oozes
  An adder zombie (D:5)
  An adder skeleton (D:5)
  2 worms
  2 dart slugs
  21 leopard geckos
  45 orcs
  3 bat skeletons (D:3)
  3 bat zombies (D:3)
  14 giant cockroaches
  23 goblins
  9 hobgoblins
  15 jackals
  23 kobolds
  5 quokkas
  11 ball pythons
  8 bats
  9 frilled lizards
  A goblin skeleton (D:5)
  A jackal zombie (D:5)
  8 rats
525 creatures vanquished.

Vanquished Creatures (others)
  A shadow (D:13)
  A centaur (D:13)
  A kobold (D:7)
  5 plants (D:13)
8 creatures vanquished.

Grand Total: 533 creatures vanquished

Notes
Turn   | Place    | Note
-------+----------+-------------------------------------------
     0 | D:1      | Lanoc the Draconian Transmuter began the quest for the Orb.
     0 | D:1      | Reached XP level 1. HP: 16/16 MP: 3/3
   255 | D:1      | Reached XP level 2. HP: 23/23 MP: 3/5
   262 | D:1      | Learned a level 2 spell: Sticks to Snakes
   618 | D:1      | Reached XP level 3. HP: 18/28 MP: 4/6
   661 | D:1      | Learned a level 3 spell: Spider Form
  1275 | D:2      | Reached XP level 4. HP: 27/35 MP: 5/7
  1882 | D:3      | Found a shattered altar of Ashenzari.
  1906 | D:3      | Found a glowing drain.
  1978 | Sewer    | Entered a sewer
  2130 | Sewer    | Reached skill level 4 in Unarmed Combat
  2164 | Sewer    | Reached XP level 5. HP: 41/41 MP: 0/8
  2595 | Sewer    | Reached XP level 6. HP: 12/49 MP: 5/10
  3019 | D:3      | Found a faded altar of an unknown god.
  3114 | D:3      | Found an ancient bone altar of Kikubaaqudgha.
  3164 | D:3      | Found a glowing golden altar of the Shining One.
  3278 | D:3      | Became a worshipper of Makhleb the Destroyer
  3278 | D:3      | Reached * piety under Makhleb
  3388 | D:3      | Found a runed door.
  3393 | D:3      | Noticed Crazy Yiuf
  3409 | D:3      | Killed Crazy Yiuf
  3813 | D:3      | Noticed Robin
  3837 | D:3      | Killed Robin
  3989 | D:4      | Reached skill level 5 in Unarmed Combat
  3991 | D:4      | Your scales start taking on a fiery red colour.
  3991 | D:4      | Reached XP level 7. HP: 38/57 MP: 11/11
  3991 | D:4      | Gained mutation: Your flesh is heat resistant. (rF+) [Red Draconian growth]
  4307 | D:4      | Reached ** piety under Makhleb
  4722 | D:4      | Found a basalt altar of Yredelemnul.
  4722 | D:4      | Found a radiant altar of Vehumet.
  4725 | D:4      | Found an opulent altar of Gozag.
  5041 | D:4      | Learned a level 5 spell: Blade Hands
  5098 | D:5      | Entered Level 5 of the Dungeon
  5125 | D:5      | Found a runed door.
  5125 | D:5      | Noticed a human
  5127 | D:5      | Found a basalt altar of Yredelemnul.
  5154 | D:5      | Reached skill level 5 in Transmutations
  5383 | D:5      | Killed a human
  5383 | D:5      | Reached skill level 6 in Unarmed Combat
  5383 | D:5      | Reached XP level 8. HP: 57/66 MP: 13/13
  6375 | D:5      | Found an iron altar of Okawaru.
  6749 | D:6      | Reached skill level 7 in Unarmed Combat
  6749 | D:6      | Reached XP level 9. HP: 70/72 MP: 15/15
  6931 | D:6      | Noticed a troll
  6943 | D:6      | Killed a troll
  7197 | D:6      | Reached skill level 5 in Fighting
  7210 | D:6      | Found a glowing silver altar of Zin.
  7359 | D:6      | Reached *** piety under Makhleb
  7388 | D:6      | Found a bloodstained altar of Trog.
  7615 | D:7      | Found a staircase to the Ecumenical Temple.
  7632 | Temple   | Entered the Ecumenical Temple
  7997 | D:7      | Reached skill level 5 in Dodging
  8000 | D:7      | Reached skill level 5 in Spellcasting
  8016 | D:7      | Reached skill level 8 in Unarmed Combat
  8392 | D:7      | Reached **** piety under Makhleb
  8450 | D:7      | Found Xuvvim's Magic Scroll Shop.
  8778 | D:8      | Found Siutaw's Distillery.
  8783 | D:8      | Noticed a two-headed ogre
  8812 | D:8      | Noticed Prince Ribbit
  8819 | D:8      | Killed Prince Ribbit
  8819 | D:8      | Reached XP level 10. HP: 83/83 MP: 17/17
  9269 | D:8      | Noticed a two-headed ogre
  9276 | D:8      | Killed a two-headed ogre
  9298 | D:8      | Killed a two-headed ogre
  9298 | D:8      | Reached skill level 9 in Unarmed Combat
  9554 | D:8      | Found a sacrificial altar of Ru.
  9776 | D:8      | Noticed Gastronok
  9786 | D:8      | Killed Gastronok
 10053 | D:8      | Reached XP level 11. HP: 88/92 MP: 14/20
 10350 | D:9      | Found Qemuubli's Gadget Boutique.
 10590 | D:9      | Noticed a purple ugly thing
 10600 | D:9      | Killed a purple ugly thing
 10704 | D:9      | Reached ***** piety under Makhleb
 10729 | D:9      | Reached skill level 10 in Unarmed Combat
 10769 | D:10     | Entered Level 10 of the Dungeon
 10913 | D:10     | Killed an unseen horror
 10913 | D:10     | Reached skill level 1 in Invocations
 11136 | D:10     | Noticed a two-headed ogre
 11144 | D:10     | Killed a two-headed ogre
 11144 | D:10     | Reached skill level 10 in Transmutations
 11158 | D:10     | Noticed a tengu warrior
 11158 | D:10     | Noticed a tengu warrior
 11178 | D:9      | Killed a tengu warrior
 11366 | D:10     | Killed a tengu warrior
 12004 | D:10     | Noticed braks's ghost (novice SpEn)
 12014 | D:10     | Killed braks's ghost
 12137 | D:11     | Noticed a six-headed hydra
 12472 | D:11     | Reached XP level 12. HP: 87/101 MP: 16/22
 12496 | D:11     | Reached skill level 11 in Unarmed Combat
 12567 | D:11     | Found a staircase to the Lair.
 12887 | D:11     | Found a staircase to the Orcish Mines.
 13175 | D:12     | Noticed a two-headed ogre
 13183 | D:12     | Killed a two-headed ogre
 13335 | D:12     | Found a labyrinth entrance.
 13349 | Lab      | Entered a labyrinth
 13625 | Lab      | Noticed a minotaur
 13632 | Lab      | Killed a minotaur
 13956 | D:13     | Noticed a five-headed hydra
 14180 | D:13     | Noticed a seven-headed hydra
 14361 | D:13     | Killed a five-headed hydra
 14439 | D:13     | Reached skill level 5 in Invocations
 14546 | D:13     | Found a gate to the Vaults.
 14661 | D:13     | Noticed Nessos
 14695 | D:13     | Reached XP level 13. HP: 80/111 MP: 18/24
 14861 | D:13     | Killed Nessos
 14861 | D:13     | Reached skill level 12 in Unarmed Combat
 14864 | D:13     | Reached ****** piety under Makhleb
 15562 | D:13     | Found Nos Ycy's Antique Armour Emporium.
 16473 | D:14     | Found Vatt's Distillery.
 16806 | D:15     | Entered Level 15 of the Dungeon
 17248 | D:15     | Reached skill level 13 in Unarmed Combat
 17248 | D:15     | Reached XP level 14. HP: 106/119 MP: 22/26
 17255 | D:15     | Reached skill level 10 in Fighting
 17369 | D:15     | HP: 5/121 [orc warrior/mace[an orc knight] (20)]
 17372 | D:15     | Mangled by an orc warrior

Skill      XL: |  1  2  3  4  5  6  7  8  9 10 11 12 13 14 |
---------------+-------------------------------------------+-----
Dodging        | 2 3 4 5 6 7 8 |  8.6
Transmutations | 3 4 5 6 8 9 10 11 12 | 12.8
Fighting       | 2 3 4 5 7 8 9 10 | 10.0
Unarmed Combat | 4 5 6 7 8 9 10 11 13 | 13.0
Spellcasting   | 3 4 5 6 7 8 |  8.8
Invocations    | 3 5 6 |  6.8

Action                   |  1- 3 |  4- 6 |  7- 9 | 10-12 | 13-15 || total
-------------------------+-------+-------+-------+-------+-------++-------
Melee: Unarmed           |   162 |   257 |    88 |   422 |   205 ||  1134
       Tailslap          |    14 |    23 |    30 |    54 |    29 ||   150
       Headbutt          |     5 |     4 |       |       |       ||     9
       Kick              |    11 |    12 |     1 |       |       ||    24
       Punch             |       |     2 |     1 |    10 |     5 ||    18
       Quarterstaff      |       |    19 |   273 |    71 |    43 ||   406
 Cast: Beastly Appendage |    21 |    23 |     3 |     1 |       ||    48
       Spider Form       |       |    15 |     6 |     1 |     4 ||    26
       Blade Hands       |       |       |     5 |    49 |    23 ||    77
 Abil: Breathe Fire      |       |       |    12 |     6 |     3 ||    21
Evoke: Fan of gales      |       |       |       |       |     1 ||     1
  Use: Scroll            |       |     4 |     7 |     8 |     3 ||    22
       Potion            |       |     2 |       |       |     4 ||     6
 Stab: Sleeping          |       |     1 |       |       |       ||     1
       Paralysed         |       |       |     4 |       |       ||     4
       Petrified         |       |       |       |       |     1 ||     1
  Eat: Chunk             |     1 |    12 |    20 |    25 |     9 ||    67
       Ration            |       |       |       |     3 |     2 ||     5
Armor: Skin              |    44 |    73 |    73 |   106 |    47 ||   343
Dodge: Dodged            |   113 |   201 |   208 |   249 |   167 ||   938
Block: Other             |    22 |   101 |    94 |    99 |    68 ||   384
       Reflection        |     3 |       |     7 |     6 |     7 ||    23
